 Dungeon Crawl Stone Soup version 0.17-a0-2101-g0c122e7 (webtiles) character file.

25 mrath the Digger (level 3, -2/19 HPs)
             Began as a Gargoyle Earth Elementalist on Oct 18, 2015.
             Slain by a worm (9 damage)
             ... on level 2 of the Dungeon.
             The game lasted 00:16:45 (1795 turns).

mrath the Digger (Gargoyle Earth Elementalist)      Turns: 1795, Time: 00:16:45

Health: -2/19      AC:  5    Str: 11    XL:     3   Next: 4%
Magic:  4/7        EV: 12    Int: 16    God:
Gold:   15         SH:  0    Dex: 10    Spells: 2 memorised, 4 levels left

rFire  . . .     SeeInvis .     a - 11 stones
rCold  . . .     Clarity  .     b - +0 robe
rNeg   + . .     SustAt   .     (no shield)
rPois  ∞         Gourm    .     (no helmet)
rElec  +         Spirit   .     (no cloak)
rCorr  .         Warding  .     (no gloves)
rMut   .         Stasis   .     (no boots)
MR     .....                    (no amulet)
Stlth  ++........               (no ring)
                                i - ring of flight

@: very slightly contaminated, not resistant to hostile enchantments, unstealthy
A: negative energy resistance 1, electricity resistance, unbreathing,
petrification resistance, rot immunity, AC +3
a: Evoke Flight


You were on level 2 of the Dungeon.
You were not hungry.

You visited 1 branch of the dungeon, and saw 2 of its levels.

You collected 15 gold pieces.

Inventory:

Hand Weapons
 l - a +1 short sword of draining
Missiles
 a - 11 stones (in hand)
 k - 26 sling bullets
Armour
 b - a +0 robe (worn)
Jewellery
 i - a ring of flight (left hand)
Scrolls
 d - a scroll of enchant weapon {unknown}
 e - a scroll of remove curse {unknown}
 f - 2 scrolls of identify {unknown}
 g - a scroll of enchant armour {unknown}
 h - a scroll of recharging {unknown}
 n - a scroll of fear {unknown}
Potions
 j - a potion of agility {unknown}
 m - a potion of might {unknown}
Books
 c - a book of Geomancy

   Spells                             Type                      Level
   a - Sandblast                      Earth                        1
   b - Stoneskin                      Transmutation/Earth          2
   c - Passwall                       Transmutation/Earth          3
   d - Stone Arrow                    Conjuration/Earth            3
   e - Petrify                        Transmutation/Earth          4
   f - Lee's Rapid Deconstruction     Earth                        5


   Skills:
 - Level 1.5 Dodging
 - Level 2.1 Stealth
 * Level 2.8 Spellcasting
 - Level 0.7 Transmutations
 + Level 4.1 Earth Magic


You had 4 spell levels left.
You knew the following spells:

 Your Spells              Type           Power        Failure   Level  Hunger
a - Sandblast             Erth           ###...       4%          1    #......
b - Stoneskin             Trmt/Erth      ##......     12%         2    ##.....


Dungeon Overview and Level Annotations

Branches:
Dungeon (2/15)

Altars:


Innate Abilities, Weirdness & Mutations

You are resistant to torment.
Your stone body is resilient (AC +3).
You are immune to poison.
You resist negative energy.
You are resistant to electric shocks.
You can survive without breathing.
You are immune to petrification.
You are immune to rotting.


Message History

Aim: a worm The rocky blast hits the worm.
The worm is heavily wounded.
Casting: Sandblast
Confirm with . or Enter, or press ? or * to list all spells.
Aiming: Sandblast
Press: ? - help, Shift-Dir - straight line, f/p - worm
Aim: a worm (heavily wounded)
You miscast Sandblast.
You are very lightly contaminated with residual magic.
You feel earthy. The worm bites you.
Casting: Sandblast
Confirm with . or Enter, or press ? or * to list all spells.
Aiming: Sandblast
Press: ? - help, Shift-Dir - straight line, f/p - worm
Aim: a worm (heavily wounded)
The rocky blast hits the worm.
The worm is almost dead.
The worm bites you!
You die...

.... .......
?......#######
##.....#..<..##
#.............##
...............#
.............[.#
..........w....#
.g.$.....)>@.<.#
...............#
..............##
.......#.....##
...##.##$.####
.. ... ##.# .
...# #.# ... #.#


You could see a worm.

Vanquished Creatures
  A giant gecko (D:1)
  A giant cockroach (D:1)
  3 goblins (D:1)
  2 hobgoblins (D:2)
  7 jackals (D:1)
  2 bats (D:1)
  4 kobolds (D:1)
  A rat (D:1)
21 creatures vanquished.

Vanquished Creatures (others)
  2 minotaurs (D:1)
  A draconian (D:1)
  2 octopodes (D:1)
  An elf (D:1)
  A vine stalker (D:1)
  A spriggan (D:1)
  4 vampires (D:1)
  A dwarf (D:1)
  A mummy (D:1)
  An orc (D:1)
  4 tentacles (D:1)
  83 tentacle segments (D:1)
102 creatures vanquished.

Grand Total: 123 creatures vanquished

Notes
Turn   | Place    | Note
--------------------------------------------------------------
     0 | D:1      | mrath the Gargoyle Earth Elementalist began the quest for the Orb.
     0 | D:1      | Reached XP level 1. HP: 10/10 MP: 3/3
     2 | D:1      | Killed a vine stalker
     3 | D:1      | Noticed an octopode
     3 | D:1      | Noticed a minotaur
     3 | D:1      | Noticed a vampire
     3 | D:1      | Noticed a minotaur
     3 | D:1      | Noticed an elf
     3 | D:1      | Noticed a vampire
     3 | D:1      | Noticed an octopode
     3 | D:1      | Noticed a kraken
     3 | D:1      | Noticed a vampire
     3 | D:1      | Noticed a vampire
     3 | D:1      | Noticed a draconian
     3 | D:1      | Noticed a dwarf
     3 | D:1      | Noticed a spriggan
     6 | D:1      | Killed a vampire
     7 | D:1      | Killed a vampire
    10 | D:1      | Killed a vampire
    10 | D:1      | Killed a dwarf
    11 | D:1      | Killed an octopode
    12 | D:1      | Killed an octopode
    14 | D:1      | Killed a vampire
    14 | D:1      | Killed a minotaur
    15 | D:1      | Killed a spriggan
    16 | D:1      | Killed an elf
    16 | D:1      | Killed a draconian
    20 | D:1      | Killed a minotaur
   397 | D:1      | Reached XP level 2. HP: 15/15 MP: 1/5
   542 | D:1      | Learned a level 2 spell: Stoneskin
   576 | D:1      | Reached skill level 4 in Earth Magic
  1739 | D:2      | Reached XP level 3. HP: 19/19 MP: 5/7
  1795 | D:2      | Slain by a worm

Vault maps used:
D:1:      nicolae_arrival_kraken_aquarium_b
D:2:      nicolae_gozag_zags_fifth_avenue, first_bread, uniq_iyjb, uniq_terence,
          uniq_natasha

Action                   || total
-------------------------++-------
Melee: Short sword       ||    18
 Cast: Sandblast         ||    33
  Eat: Bread ration      ||     1
